 Dungeon Crawl Stone Soup version 0.31-a0-845-g9abc20d24f (webtiles) character file.

Game seed: 2059106434364110989

131 arglypuff the Ducker (level 5, -3/37 HPs)
             Began as a Djinni Hedge Wizard on Oct 2, 2023.
             Slain by an orc
             ... wielding a +0 flail
              (7 damage)
             ... on level 2 of the Dungeon.
             The game lasted 00:04:18 (2309 turns).

arglypuff the Ducker (Djinni Hedge Wizard)          Turns: 2309, Time: 00:04:19

Health: -3/37      AC:  2    Str:  9    XL:     5   Next: 37%
Gold:   51         EV: 13    Int: 17    God:
                   SH:  0    Dex: 13

rFire   + + .        a - +0 dagger
rCold   x . .        (no shield)
rNeg    . . .        b - +0 robe
rPois   ∞            c - +0 hat
rElec   .            (no cloak)
rCorr   .            (no gloves)
SInv    .            (boots unavailable)
Will    .....        (no amulet)
Stlth   ++           (no ring)
HPRegen 0.26/turn    (no ring)
MPRegen 0.00/turn

%: infuse magic (-4 HP)
@: flying
A: sickness immunity, fire resistance 2, cold vulnerability 1, float, innate
caster, HP casting, extra vitality 1
a: no special abilities


You were on level 2 of the Dungeon.
You visited 1 branch of the dungeon, and saw 3 of its levels.

You collected 51 gold pieces.

Inventory:

Hand Weapons
 a - a +0 dagger (weapon)
Armour
 b - a +0 robe (worn)
 c - a +0 hat (worn)
Jewellery
 h - an amulet of reflection
Scrolls
 d - a scroll of noise {unknown}
 f - 2 scrolls of teleportation {unknown}
 j - 2 scrolls of identify {unknown}
 k - a scroll of fear {unknown}
 l - a scroll of poison {unknown}
 m - a scroll of silence {unknown}
Potions
 e - a potion of curing {unknown}
 g - a potion of enlightenment {unknown}
 i - a potion of magic {unknown}
 n - a potion of heal wounds {unknown}


   Skills:
 + Level 1.2 Fighting
 + Level 3.9 Dodging
 + Level 3.1 Stealth
 + Level 3.2 Spellcasting
 + Level 3.2 Conjurations
 + Level 3.2 Hexes
 + Level 3.2 Summonings
 + Level 3.2 Necromancy
 + Level 3.2 Translocations
 + Level 3.2 Transmutations
 + Level 3.2 Fire Magic
 + Level 3.2 Ice Magic
 + Level 3.2 Air Magic
 + Level 3.2 Earth Magic
 + Level 3.2 Poison Magic


You knew the following spells:

 Your Spells              Type           Power      Damage    Failure   Level
a - Magic Dart            Conj           52%        1d5       4%          1
b - Slow                  Hex            52%        N/A       4%          1
c - Blink                 Tloc           26%        N/A       7%          2
d - Call Imp              Summ           26%        N/A       7%          2
e - Mephitic Cloud        Conj/Pois/Air  13%        N/A       14%         3
f - Sandblast             Erth           26%        2d8       4%          1
g - Scorch                Fire           26%        2d6       7%          2
Your spell library was empty.

Dungeon Overview and Level Annotations

Branches:
Dungeon (3/15)

Altars:

Shops:
D:1 :   D:2 [


Innate Abilities, Weirdness & Mutations

You are immune to sickness and miasma.
You are immune to poison.
Your flesh is very heat resistant. (rF++)
You are vulnerable to cold. (rC-)
You float through the air rather than walking.
You learn spells naturally, not from books.
Your magical power is your life essence.
You have superior vitality. (+4 MHP)


Message History

The magic dart hits the kobold but does no damage.
The kobold is severely wounded.
The magic dart hits the kobold.
You kill the kobold!
You can't see any susceptible monsters within range! (Use Z to cast anyway.)
Your cerulean imp disappears in a puff of smoke!
An orc comes into view. It is wielding a +0 mace.
An orc is nearby!
An orc is nearby!
The magic dart hits the orc but does no damage.
The orc shouts!
You hear a shout!
The magic dart hits the orc but does no damage.
The magic dart hits the orc but does no damage.
The magic dart hits the orc but does no damage.
An orc comes into view. It is wielding a +0 flail.
The magic dart hits the orc but does no damage.
The magic dart hits the orc but does no damage.
The magic dart hits the orc but does no damage.
The orc hits you with a +0 mace.
You are too injured to fight recklessly!
You are too injured to fight recklessly!
You are too injured to fight recklessly!
You are too injured to fight recklessly!
Casting: Magic Dart (safe; 4% risk of failure)
Confirm with . or Enter, or press ? or * to list all spells.
A tiny devil pulls itself out of the air.
The orc misses you. The orc hits you with a +0 mace.
* * * LOW HITPOINT WARNING * * *
The orc hits you with a +0 flail.
* * * LOW HITPOINT WARNING * * *
Your cerulean imp hits the orc from afar with a -3 spear.
Your cerulean imp hits the orc from afar with a -3 spear.
There is a stone staircase leading up here.
The orc misses you.
Your cerulean imp hits the orc but does no damage.
You fly upwards.
There is a stone staircase leading down here.
The orc attacks as it pursues you! The orc hits you with a +0 flail!
You die...

+#..#........## ####...).#
#### ...##.........#
###...#.#
..<#......###.#####...#.#.#
...#.#.#....#.........#.#.#
..##.#.#....#..........<#.#
####
..'..#.#....##........#.#.#
#...
..####.'....##...(....#.#.#
#.## ..#
###....##..........#.####.#
.##
#......+..@....####....#.#
.# #.....##...o)..#
##...#.## .#
#.....##..†....# #.#.#...
## #.######.......#
#.#####. #.....)'.......#
#...# #. ########.......#
###.###. #.......# #.....
#.......# ###### #########


You could see an orc.

Vanquished Creatures
  An orc priest (D:3)
  A gnoll (D:1)
  4 adders (D:2)
  A dart slug (D:2)
  2 ball pythons (D:1)
  5 endoplasms (D:1)
  2 giant cockroaches
  6 hobgoblins
  6 jackals (D:1)
  3 kobolds
  3 quokkas
  5 bats
  2 frilled lizards
  6 goblins
  3 rats (D:1)
50 creatures vanquished.

Notes
Turn   | Place    | Note
-------+----------+-------------------------------------------
     0 | D:1      | arglypuff the Djinni Hedge Wizard began the quest for the
                  | Orb.
     0 | D:1      | arglypuff set off with the following spells memorised:
                  | Magic Dart, Slow, Blink, Call Imp, Mephitic Cloud.
     0 | D:1      | Reached XP level 1. HP: 15/15 MP: 0/0
   149 | D:1      | Reached XP level 2. HP: 17/21 MP: 0/0
   311 | D:1      | Reached XP level 3. HP: 25/25 MP: 0/0
   311 | D:1      | Learned a level 1 spell: Sandblast
   725 | D:1      | Found Wutied's Book Shoppe.
   742 | D:1      | Found a faded altar of an unknown god.
  1211 | D:1      | Reached XP level 4. HP: 31/31 MP: 0/0
  1412 | D:2      | Found Nieli's Armour Boutique.
  1723 | D:2      | Reached skill level 1 in Fighting
  2076 | D:3      | Reached XP level 5. HP: 35/37 MP: 0/0
  2076 | D:3      | Learned a level 2 spell: Scorch
  2309 | D:2      | Slain by an orc

Illustrated notes

Levels and vault maps discovered:
D:1:      heliophobic_arrival_glass_houses, layout_loops_ring, serial_shops,
          shop, dreamdust_ecumenical_altar_statues, minivault_27
D:2:      layout_basic, serial_shops, shop, serial_bayou_pond_c,
          minmay_split_cup_small
D:3:      layout_rooms

Skill      XL: |  1  2  3  4  5 |
---------------+----------------+-----
Dodging        | 3 |  3.9
Stealth        | 2 3 |  3.1
Spellcasting   | 3 |  3.2
Conjurations   | 3 |  3.2
Hexes          | 3 |  3.2
Summonings     | 3 |  3.2
Necromancy     | 3 |  3.2
Translocations | 3 |  3.2
Transmutations | 3 |  3.2
Fire Magic     | 3 |  3.2
Ice Magic      | 3 |  3.2
Air Magic      | 3 |  3.2
Earth Magic    | 3 |  3.2
Poison Magic   | 3 |  3.2
Fighting       | 1 |  1.2

Action                     |  1- 3 |  4- 6 || total
---------------------------+-------+-------++-------
   Cast: Magic Dart        |   100 |    70 ||   170
         Call Imp          |       |     3 ||     3
 Armour: Robe              |    21 |    19 ||    40
  Dodge: Dodged            |    15 |    15 ||    30

Table legend: (Time is in decaauts)
 A = Elapsed time spent in this place.
 B = Non-inter-level travel time spent in this place.
 C = Inter-level travel time spent in this place.
 D = Time resting spent in this place.
 E = Time spent auto-exploring this place.
 F = Levels seen in this place.
 G = Mean time per level.
                   A        B        C        D        E       F      G
               +--------+--------+--------+--------+--------+-----+--------+
         Total |   2312 |   2251 |     61 |    279 |   1636 |   3 |  770.7 |
       Dungeon |   2312 |   2251 |     61 |    279 |   1636 |   3 |  770.7 |
               +--------+--------+--------+--------+--------+-----+--------+

Top non-repeatable levels by time:
     D:1: 1297 daAuts
     D:2: 924 daAuts
     D:3: 90 daAuts
